 Dungeon Crawl Stone Soup version 0.26-a0-665-gefeb406119 (webtiles) character file.

Game seed: 10225492919794054035

1005 somkeydreadnuts the Chopper (level 8, -2/61 HPs)
             Began as a Demonspawn Berserker on Oct 15, 2020.
             Was an Elder of Trog.
             Slain by a gnoll
             ... wielding a +0 spear
              (5 damage)
             ... on level 4 of the Dungeon.
             The game lasted 00:13:53 (4745 turns).

somkeydreadnuts the Chopper (Demonspawn Berserker)  Turns: 4745, Time: 00:13:54

Health: -2/61      AC:  5    Str: 19    XL:     8   Next: 0%
Magic:  8/8        EV:  8    Int: 10    God:    Trog [****..]
Gold:   269        SH:  0    Dex: 12    Spells: 7/7 levels left

rFire    . . .     SeeInvis .   c - +2 hand axe (venom)
rCold    + . .     Faith    .   (no shield)
rNeg     . . .     Spirit   .   l - +0 chain mail
rPois    .         Reflect  .   (helmet restricted)
rElec    .         Harm     .   (no cloak)
rCorr    .         Rampage  .   (no gloves)
MR       .....                  (no boots)
Stlth    ..........             (no amulet)
HPRegen  0.20/turn              (no ring)
MPRegen  0.11/turn              (no ring)

@: berserk cooldown, slowed, very slow
A: horns 1, cold resistance 1, deformed body, wild magic 1, freezing cloud
immunity
a: Berserk, Trog's Hand, Brothers in Arms, Renounce Religion


You were on level 4 of the Dungeon.
You worshipped Trog.
Trog was greatly pleased with you.
You visited 1 branch of the dungeon, and saw 4 of its levels.
You also visited: Sewer.

You collected 269 gold pieces.

Inventory:

Hand Weapons
 a - a +0 hand axe
 c - a +2 hand axe of venom (weapon)
Armour
 b - a +0 animal skin
 l - a +0 chain mail (worn)
Scrolls
 e - 5 scrolls of teleportation {unknown}
 f - 2 scrolls of magic mapping {unknown}
 h - 9 scrolls of immolation {unknown}
 i - 2 scrolls of blinking {unknown}
 j - a scroll of identify {unknown}
 m - 2 scrolls of remove curse {unknown}
 n - a scroll of enchant armour {unknown}
 r - a scroll of fear {unknown}
Potions
 d - 3 potions of haste
 g - a potion of resistance
 k - 3 potions of brilliance
 o - a potion of flight
 p - 6 potions of curing
 q - 4 potions of heal wounds
 s - a potion of berserk rage {unknown}


   Skills:
 + Level 4.9 Fighting
 + Level 6.5 Axes
 + Level 4.1 Armour
 + Level 2.5 Dodging
 + Level 1.8 Stealth


You had 7 spell levels left.
You didn't know any spells.
Your spell library was empty.

Dungeon Overview and Level Annotations

Branches:
Dungeon (4/15)              Sewer (visited)
 Temple: D:4-7

Altars:
Cheibriados
Hepliaklqana


Innate Abilities, Weirdness & Mutations

You have a pair of small horns on your head.
Your flesh is cold resistant. (rC+)
You are immune to freezing clouds.
Armour fits poorly on your strangely shaped body.
Your spells are a little harder to cast, but a little more powerful.


Message History

You feel yourself slow down.
The gnoll hits you from afar with a +0 spear!
* * * LOW HITPOINT WARNING * * *
You see here a +0 spear.
You hit the gnoll.
You kill the gnoll!
Trog accepts your kill.
You have reached level 8!
You feel clever. The gnoll barely misses you.
The gnoll hits you with a +0 spear.
* * * LOW HITPOINT WARNING * * *
The gnoll hits you but does no damage.
You hit the gnoll.
The gnoll is poisoned.
The gnoll is heavily wounded.
The gnoll barely misses you.
Your chain mail prevents you from hitting the gnoll.
The gnoll is severely wounded.
The gnoll hits you with a +0 spear.
You die...

#### ####...#
##..#####.......
###.........##≈≈≈≈
##...........##≈≈≈≈
#....#.##....≈≈....
###..........≈≈....
##.............≈...
#..).........≈≈..≈.
#g@))........≈≈....
#..>...........##≈≈.≈
..................##≈≈.≈
........................
.........!#...........[.
.........##.............
#.....#... ..........<..
#...###... ##..[.......
..........


You could see a gnoll (very poisoned).

Vanquished Creatures
  Grinder (D:3)
  An ogre (D:4)
  3 big kobolds (Sewer)
  A howler monkey (D:4)
  A hound (D:3)
  2 orc priests (D:4)
  A gnoll shaman (D:4)
  Terence (D:2)
  3 worker ants (D:4)
  5 gnolls
  2 river rats (Sewer)
  6 adders
  4 oozes
  4 worms
  3 dart slugs
  4 leopard geckos
  7 orcs
  6 giant cockroaches
  4 hobgoblins
  26 kobolds
  2 quokkas (D:4)
  7 ball pythons
  4 bats (D:3)
  7 frilled lizards
  8 goblins
  29 rats
142 creatures vanquished.

Notes
Turn   | Place    | Note
-------+----------+-------------------------------------------
     0 | D:1      | somkeydreadnuts the Demonspawn Berserker began the quest
                  | for the Orb.
     0 | D:1      | Reached XP level 1. HP: 18/18 MP: 1/1
   462 | D:1      | Reached skill level 3 in Axes
   500 | D:1      | Gained mutation: You have a pair of small horns on your
                  | head. [demonic ancestry]
   500 | D:1      | Reached XP level 2. HP: 21/24 MP: 2/2
   976 | D:2      | Gained mutation: Armour fits poorly on your strangely
                  | shaped body. [potion of mutation]
   976 | D:2      | Gained mutation: Your spells are a little harder to cast,
                  | but a little more powerful. [potion of mutation]
  1004 | D:2      | Reached XP level 3. HP: 21/29 MP: 3/3
  1658 | D:2      | Noticed Terence
  1664 | D:2      | Killed Terence
  1664 | D:2      | Reached skill level 1 in Stealth
  1664 | D:2      | Gained mutation: Your flesh is cold resistant. (rC+)
                  | [demonic ancestry]
  1664 | D:2      | Reached XP level 4. HP: 35/35 MP: 4/4
  1808 | D:2      | Found a snail-covered altar of Cheibriados.
  1816 | D:2      | Reached ** piety under Trog
  2011 | D:2      | Found a hazy altar of Hepliaklqana.
  2564 | D:3      | Reached skill level 4 in Axes
  2611 | D:3      | Gained mutation: You are immune to freezing clouds.
                  | [demonic ancestry]
  2611 | D:3      | Reached XP level 5. HP: 34/42 MP: 5/5
  2897 | D:3      | Noticed Grinder
  2913 | D:3      | Killed Grinder
  2913 | D:3      | Reached skill level 5 in Axes
  2913 | D:3      | Reached XP level 6. HP: 33/48 MP: 6/6
  3558 | D:4      | Reached *** piety under Trog
  3819 | D:4      | Reached XP level 7. HP: 49/54 MP: 7/7
  3896 | D:4      | Found a glowing drain.
  3927 | Sewer    | Entered a sewer
  4211 | Sewer    | Reached **** piety under Trog
  4418 | Sewer    | Reached skill level 6 in Axes
  4742 | D:4      | Reached XP level 8. HP: 7/61 MP: 8/8
  4743 | D:4      | HP: 2/61 [gnoll/+0 spear (5)]
  4745 | D:4      | Slain by a gnoll

Illustrated notes

Levels and vault maps discovered:
D:1:      dpeg_arrival_concentric_ovals, layout_loops_ring
D:2:      layout_loops_corners, marbit_many_paths, kennysheep_slug_shrine,
          st_stairs_1, uniq_terence
D:3:      kennysheep_six_static_rooms, layout_basic, uniq_grinder
D:4:      layout_cave_pools, tso_metal_star, cheibrodos_sewer_entry_sluice

Skill      XL: |  1  2  3  4  5  6  7 |
---------------+----------------------+-----
Axes           | 3 4 5 6 |  6.5
Dodging        | 2 |  2.5
Stealth        | 1 |  1.8
Armour         | 2 3 4 |  4.1
Fighting       | 4 |  4.9

Action                   |  1- 3 |  4- 6 |  7- 9 || total
-------------------------+-------+-------+-------++-------
Melee: Hand axe          |    73 |   122 |    98 ||   293
       Headbutt          |     6 |    14 |    20 ||    40
Invok: Berserk           |     2 |     1 |     2 ||     5
  Use: Potion            |     1 |     2 |     6 ||     9
 Stab: Sleeping          |     1 |       |       ||     1
Armor: Animal skin       |     7 |       |       ||     7
       Chain mail        |       |    60 |    54 ||   114
Dodge: Dodged            |    39 |    55 |    55 ||   149

Table legend: (Time is in decaauts)
 A = Elapsed time spent in this place.
 B = Non-inter-level travel time spent in this place.
 C = Inter-level travel time spent in this place.
 D = Time resting spent in this place.
 E = Time spent auto-exploring this place.
 F = Levels seen in this place.
 G = Mean time per level.
                   A        B        C        D        E       F      G
               +--------+--------+--------+--------+--------+-----+--------+
         Total |   4797 |   4757 |     40 |      0 |   3546 |   5 |  959.4 |
       Dungeon |   4029 |   3989 |     40 |      0 |   3058 |   4 | 1007.2 |
         Sewer |    768 |    768 |      0 |      0 |    488 |   1 |  768.0 |
               +--------+--------+--------+--------+--------+-----+--------+

Top non-repeatable levels by time:
     D:3: 1310 daAuts
     D:2: 1285 daAuts
     D:1: 988 daAuts
   Sewer: 768 daAuts
     D:4: 444 daAuts
